AoeStats
← HR Pinkman

Runestones

507256954Analyzed
1v1 RM · 14d ago on Sep 17, 2026· 27m 1s· 2 players
Game mode
Random Map
Map size
Tiny (2 player)
Population
200
Speed
Normal
Resources
Standard
Victory
Conquest
Starting age
Dark Age
Ending age
Imperial Age
RankedLock teamsTeams togetherTeam positionsShared explorationLock speedFull tech treeHidden civsTurbo modeCheats
Victory
Defeat
🇩🇪 Chinese · Germany
2302
+10
🇨🇱 Romans · Chile
2175
-10
HR Pinkman
6:17 Loom
8:42 Feudal Age
9:19 Double-Bit Axe
9:18 Man-at-Arms
12:27 Fletching
16:15 Scale Mail Armor
21:00 Castle Age
20:30 Forging
21:05 Long Swordsman
22:54 Chain Mail Armor
24:53 Squires
NOC | Mati
0:25 Loom
8:49 Feudal Age
13:15 Fletching
21:00 Castle Age
19:03 Horse Collar
19:33 Double-Bit Axe
20:13 Scale Barding Armor
21:37 Bodkin Arrow
23:25 Town Watch
24:15 Wheelbarrow
23:44 Husbandry
25:24 Padded Archer Armor
25:31 Thumb Ring
26:22 Bloodlines
Connection lost

Rejoining the realm…

Still unreachable

The connection could not be restored.

Session expired

The server has moved on; the page needs a fresh start.